 Dungeon Crawl Stone Soup version 0.19-a0-994-g3c636f0 (webtiles) character file.

44 matakusis the Ducker (level 3, -3/28 HPs)
             Began as a Demonspawn Gladiator on July 17, 2016.
             Slain by an ogre
             ... wielding a +0 giant club
              (8 damage)
             ... on level 3 of the Dungeon.
             The game lasted 00:03:20 (1261 turns).

matakusis the Ducker (Demonspawn Gladiator)         Turns: 1261, Time: 00:03:21

Health: -3/28      AC:  5    Str: 15    XL:     3   Next: 41%
Magic:  3/3        EV: 13    Int:  9    God:
Gold:   82         SH:  0    Dex: 14    Spells: 0 memorised, 2 levels left

rFire  . . .     SeeInvis .     a - +0 long sword
rCold  . . .     Gourm    .     b - +0 leather armour
rNeg   . . .     Faith    .     (no shield)
rPois  .         Spirit   .     c - +0 helmet
rElec  .         Dismiss  .     p - +0 cloak
rCorr  .         Reflect  .     (no gloves)
SustAt .         Harm     .     (no boots)
MR     .....                    (no amulet)
Stlth  +.........               (no ring)
                                (no ring)

@: not resistant to hostile enchantments, very unstealthy
A: rot immunity
a: no special abilities


You were on level 3 of the Dungeon.
You were not hungry.

You visited 1 branch of the dungeon, and saw 3 of its levels.

You collected 82 gold pieces.

Inventory:

Hand Weapons
 a - a +0 long sword (weapon)
Missiles
 d - 3 throwing nets (quivered)
Armour
 b - a +0 leather armour (worn)
 c - a +0 helmet (worn)
 p - a +0 cloak (worn)
Jewellery
 m - an uncursed ring of ice
Scrolls
 e - 2 scrolls of identify {unknown}
 j - 3 scrolls of enchant weapon {unknown}
 k - a scroll of random uselessness {unknown}
 q - a scroll of teleportation {unknown}
 r - a scroll of remove curse {unknown}
Potions
 g - a potion of brilliance {unknown}
 h - 2 potions of degeneration {unknown}
 l - a potion of agility {unknown}
 s - a potion of heal wounds {unknown}
 t - a potion of curing {unknown}
Comestibles
 f - 2 bread rations
 i - a meat ration
 n - 6 chunks of flesh
 o - a beef jerky


   Skills:
 * Level 2.3 Fighting
 + Level 3.0 Long Blades
 - Level 1.7 Throwing
 * Level 3.6 Dodging


You had 2 spell levels left.
You didn't know any spells.

Dungeon Overview and Level Annotations

Branches:
Dungeon (2/15)

Altars:
Ashenzari
Vehumet

Annotations:
D:3 Terence


Innate Abilities, Weirdness & Mutations

You are immune to rotting.


Message History

The ogre hits you with a giant club!
The orc wizard gestures wildly while chanting.
The orc wizard blinks!
The orc wizard gestures wildly while chanting.
The orc wizard seems to speed up.
The orc wizard mumbles some strange words.
The orc wizard blinks!
Found a flail.
An orc wizard comes into view. It is wielding a dagger.
A kobold and 2 orcs come into view.
The kobold shouts!
The orc shouts!
A worm and an orc wizard come into view.
You see here a flail.
The orc shouts!
The orc wizard points at you and mumbles some strange words.
The puff of flame hits you!
* * * LOW HITPOINT WARNING * * *
The kobold throws a stone.
The stone hits you but does no damage. The ogre hits you with a giant club!
You die...

#.........%.#
###?.%........#
.....(........+
####..o........#
...(...........#########
..o......o...o.........#
...o#########..........#
....# #.)o....o..# ....#
#..O@...o.w# #o######
#.....K.o..# #......#
#.......o..# o......#
#..........# #......#
############ #......#
########


You could see an ogre, a worm (wandering), 3 orc wizards, 3 orcs and a kobold.

Vanquished Creatures
  A worker ant zombie (D:3)
  2 dart slugs (D:1)
  A giant gecko (D:1)
  3 bats
  5 giant cockroaches
  4 hobgoblins
  2 giant newts (D:1)
  3 goblins
  A kobold (D:1)
  5 rats
27 creatures vanquished.

Notes
Turn   | Place    | Note
-------+----------+-------------------------------------------
     0 | D:1      | matakusis the Demonspawn Gladiator began the quest for the Orb.
     0 | D:1      | Reached XP level 1. HP: 16/16 MP: 1/1
   278 | D:1      | Gained mutation: You are immune to rotting. [demonic ancestry]
   278 | D:1      | Reached XP level 2. HP: 22/22 MP: 2/2
  1116 | D:2      | Found a radiant altar of Vehumet.
  1126 | D:2      | Reached XP level 3. HP: 27/27 MP: 3/3
  1188 | D:2      | Found a shattered altar of Ashenzari.
  1196 | D:2      | You fall through a shaft!
  1209 | D:3      | Noticed Terence
  1247 | D:3      | Noticed an ogre
  1261 | D:3      | Slain by an ogre

Vault maps used:
D:1:      lightli_arrival_windingriver
D:2:      overflow_temple_1_default, nicolae_ashenzari_panopticon
D:3:      tgw_fedhas, uniq_terence

Skill      XL: |  1  2  3 |
---------------+----------+-----
Dodging        | 3 |  3.6
Long Blades    | 3 |  3.0
Fighting       | |  2.3
Throwing       | |  1.7

Action                   || total
-------------------------++-------
Melee: Long sword        ||   112
  Eat: Chunk             ||     1
Armor: Leather armour    ||    33
Dodge: Dodged            ||    78
